 Dungeon Crawl Stone Soup version 0.30-a0-782-ge64f9170bb (webtiles) character file.

Game seed: 5845862270470671989

1313 senseless the Cleaver (level 8, 0/63 (68) HPs)
             Began as a Hill Orc Reaver on Mar 6, 2023.
             Was a Believer of Beogh.
             Slain by Dowan
             ... wielding a +0 dagger of draining
              (3 damage)
             ... on level 4 of the Dungeon.
             The game lasted 00:13:42 (4503 turns).

senseless the Cleaver (Hill Orc Reaver)             Turns: 4503, Time: 00:13:43

HP:   0/63 (68)     AC: 10    Str: 15    XL:     8   Next: 58%
MP:   7/10          EV: 11    Int: 21    God:    Beogh [**....]
Gold: 201           SH:  0    Dex:  9    Spells: 7/10 levels left

rFire   . . .      SeeInvis .    k - +0 battleaxe
rCold   . . .      Faith    .    (shield currently unavailable)
rNeg    . . .      Spirit   .    x - +1 ring mail {Will+}
rPois   .          Reflect  .    c - +1 helmet
rElec   .          Harm     .    (no cloak)
rCorr   .          Rampage  .    (no gloves)
Will    +....                    f - +0 pair of boots
Stlth   +                        (no amulet)
HPRegen 0.30/turn                h - +6 ring of intelligence
MPRegen 0.12/turn                (no ring)

@: drained
A: no striking features
a: Renounce Religion, Smiting


You were on level 4 of the Dungeon.
You worshipped Beogh.
Beogh was pleased with you.
You visited 1 branch of the dungeon, and saw 4 of its levels.

You collected 201 gold pieces.

Inventory:

Hand Weapons
 a - a +0 hand axe
 k - a +0 battleaxe (weapon)
 t - a +2 flail of holy wrath
 z - a +2 whip of freezing
Missiles
 d - 8 poisoned darts
 m - a throwing net
Armour
 b - a +0 leather armour
 c - a +1 helmet (worn)
 f - a +0 pair of boots (worn)
 u - a +0 scale mail
 x - a +1 ring mail of willpower (worn)
 y - a +0 helmet
Jewellery
 h - a +6 ring of intelligence (left hand)
Wands
 w - a wand of paralysis (8)
Scrolls
 e - 6 scrolls of identify {unknown}
 g - a scroll of torment {unknown}
 o - a scroll of fog {unknown}
 s - a scroll of acquirement {unknown}
 v - a scroll of teleportation {unknown}
Potions
 i - a potion of lignification {unknown}
 j - a potion of resistance {unknown}
 l - a potion of magic {unknown}
 n - a potion of might {unknown}
 p - a potion of mutation {unknown}
 q - 2 potions of curing
 r - a potion of invisibility {unknown}
 A - a potion of cancellation {unknown}


   Skills:
 + Level 5.0 Fighting
 + Level 10.4 Axes
 + Level 3.9 Armour
 + Level 2.9 Dodging
 + Level 1.7 Stealth
 + Level 1.7 Spellcasting
 + Level 3.3 Conjurations
 + Level 1.7 Invocations


You had 7 spell levels left.
You knew the following spells:

 Your Spells              Type           Power      Damage    Failure   Level
a - Kiss of Death         Conj/Necr      32%        2d7       14%         1
b - Momentum Strike       Conj/Tloc      16%        3d8       22%         2

Your spell library contained the following spells:

 Spells                   Type           Power      Damage    Failure   Level
 Sting                    Tmut/Pois      4%         1d3       28%         1
 Poisonous Vapours        Pois/Air       2%         N/A       38%         2
 Hailstorm                Conj/Ice       8%         3d4       38%         3
 Confusing Touch          Hex            1%         N/A       63%         3
 Dispel Undead            Necr           1%         3d6       95%         4
 Olgreb's Toxic Radiance  Pois           1%         N/A       95%         4


Dungeon Overview and Level Annotations

Branches:
Dungeon (4/15)             Temple (0/1) D:4

Altars:
Dithmenos
Gozag
Nemelex Xobeh
Qazlal
Ru
Xom
Beogh

Shops:
D:2 :

Annotations:
D:4 Dowan


Message History

Duvessa is almost dead.
Duvessa barely misses you. Duvessa hits you but does no damage.
Dowan zaps a wand.
Some rock shatters into small pieces.
You hit Duvessa.
You kill Duvessa!
Beogh accepts your kill.
Dowan screams, "No!
Oh no!"
Dowan seems to find hidden reserves of power!
Your life force feels restored.
Your Fighting skill increases to level 5!
It was a potion of curing.
You feel better.
Dowan hits you with a +0 dagger of draining.
* * * LOW HITPOINT WARNING * * *
You feel drained.
You closely miss Dowan.
Dowan is lightly wounded.
Dowan hits you with a +0 dagger of draining.
* * * LOW HITPOINT WARNING * * *
You feel drained.
Aiming: Smiting
Press: ? - help, Dir - move target, f - Dowan Smite: Dowan, wielding a +0 dagger of draining, wearing a +0 robe and carrying a wand of digging (5) (lightly wounded, fast)
You fail to use your ability.
Dowan hits you with a +0 dagger of draining.
* * * LOW HITPOINT WARNING * * *
You feel drained.
* * * LOW HITPOINT WARNING * * *
Dowan barely misses you.
Aiming: Smiting
Press: ? - help, Dir - move target, f/p - Dowan Smite: Dowan, wielding a +0 dagger of draining, wearing a +0 robe and carrying a wand of digging (5) (lightly wounded, fast)
You smite Dowan!
Dowan is heavily wounded.
Dowan hits you with a +0 dagger of draining.
* * * LOW HITPOINT WARNING * * *
You feel drained.
You hit Dowan but do no damage.
Dowan is heavily wounded.
Dowan hits you with a +0 dagger of draining.
You die...

#...#.......##.#...
#...#...#...#..####
#...#...#...#......
#...'#######'..####
#........#.....#
###'..#####.#####
#......# #.# #..e...# #.#
##..@...# #.########
#.......# #.........
...#.###)#.###########...
....e...)....... #..[
.....###.####### #... ...
..# #... . ### #... #...
#...


You could see Dowan (fast).

Vanquished Creatures
  Pikel (D:4)
  Grinder (D:3)
  Sigmund (D:4)
  Duvessa (D:4)
  A phantom (D:4)
  A lemure (D:4)
  An orc priest (D:3)
  2 jellies (D:3)
  Terence (D:3)
  Ijyb (D:4)
  3 orc wizards
  5 adders
  4 worms
  A dart slug (D:2)
  8 orcs
  8 bats
  5 endoplasms
  2 giant cockroaches
  10 goblins
  8 hobgoblins
  2 jackals (D:2)
  19 kobolds
  6 quokkas
  6 ball pythons
  A frilled lizard (D:3)
  5 rats
104 creatures vanquished.

Notes
Turn   | Place    | Note
-------+----------+-------------------------------------------
     0 | D:1      | senseless the Hill Orc Reaver began the quest for the Orb.
     0 | D:1      | Reached XP level 1. HP: 18/18 MP: 3/3
   205 | D:1      | Reached XP level 2. HP: 19/21 MP: 4/4
   226 | D:1      | Learned a level 2 spell: Momentum Strike
   504 | D:1      | Found a faded altar of an unknown god.
   504 | D:1      | Noticed an orange demon
   512 | D:1      | Prayed at the altar of an unknown god.
   512 | D:1      | Became a worshipper of Beogh the Brigand
   512 | D:1      | Reached * piety under Beogh
  1030 | D:2      | Reached XP level 3. HP: 26/26 MP: 5/5
  1161 | D:2      | Reached skill level 5 in Axes
  1251 | D:2      | Found Zagean's Book Shoppe.
  1578 | D:2      | Reached XP level 4. HP: 28/37 MP: 6/6
  1628 | D:2      | Reached ** piety under Beogh
  2323 | D:3      | Found a sparkling altar of Nemelex Xobeh.
  2332 | D:3      | Reached skill level 1 in Armour
  2430 | D:3      | Found a shadowy altar of Dithmenos.
  2451 | D:3      | Reached skill level 6 in Axes
  2451 | D:3      | Reached XP level 5. HP: 29/45 MP: 7/7
  2586 | D:3      | Noticed Terence
  2599 | D:3      | Killed Terence
  2713 | D:3      | Noticed Grinder
  2720 | D:3      | Paralysed by Grinder for 3 turns
  2726 | D:3      | Paralysed by Grinder for 5 turns
  2731 | D:3      | Killed Grinder
  2732 | D:3      | Reached skill level 7 in Axes
  2732 | D:3      | Reached XP level 6. HP: 7/51 MP: 1/8
  2991 | D:3      | Found an opulent altar of Gozag.
  3312 | D:3      | Found a shimmering altar of Xom.
  3324 | D:3      | Reached XP level 7. HP: 57/58 MP: 9/9
  3578 | D:4      | Noticed Sigmund
  3587 | D:4      | Killed Sigmund
  3588 | D:4      | Reached skill level 8 in Axes
  3588 | D:4      | Reached skill level 1 in Invocations
  3704 | D:4      | Found a sacrificial altar of Ru.
  3749 | D:4      | Noticed Ijyb
  3757 | D:4      | Killed Ijyb
  3871 | D:4      | Found a stormy altar of Qazlal.
  3871 | D:4      | Noticed an air elemental
  3911 | D:4      | Noticed Pikel
  3928 | D:4      | Killed Pikel
  3929 | D:4      | Reached skill level 9 in Axes
  3929 | D:4      | Reached skill level 1 in Stealth
  3929 | D:4      | Reached XP level 8. HP: 14/67 MP: 3/10
  3935 | D:4      | Reached skill level 10 in Axes
  4147 | D:4      | Noticed a water elemental
  4365 | D:4      | Found a staircase to the Ecumenical Temple.
  4480 | D:4      | Noticed Dowan
  4483 | D:4      | Noticed Duvessa
  4497 | D:4      | Killed Duvessa
  4498 | D:4      | Reached skill level 5 in Fighting
  4502 | D:4      | HP: 3/64 [Dowan/+0 dagger of draining (6)]
  4503 | D:4      | Slain by Dowan

Illustrated notes

Levels and vault maps discovered:
D:1:      spicycebolla_arrival_transporter_tutorial, layout_loops_ring,
          dreamdust_ecumenical_altar_sealed_demon, serial_aquarium,
          aquarium_bridge_island_small [aquarium_subvault_small_open,
          aquarium_subvault_balcony, aquarium_subvault_bridge,
          aquarium_subvault_wall, aquarium_subvault_bridge], aquarium_window_2,
          aquarium_window_fake, aquarium_window_1, aquarium_window_corridor_1,
          aquarium_view_2d, aquarium_pool_double
D:2:      layout_basic, serial_shops, nicolae_shop_window_shopping
D:3:      layout_loops_cross, nemelex_xobeh_ov_fountains_minmay,
          dk_xom_monty_hall, nicolae_overflow_hidden_temple,
          chequers_serial_rivers_marsh, uniq_grinder, uniq_terence
D:4:      minmay_goblin_kobold_castle, layout_basic,
          nicolae_qazlal_style_of_elements, nicolae_ru_great_annihilating_truth,
          temple_fountains, serial_curves, eino_curves_03, eino_curves_02,
          uniq_sigmund, uniq_pikel, uniq_ijyb, uniq_robin,
          uniq_crazy_yiuf_cottage, uniq_duvessa

Skill      XL: |  1  2  3  4  5  6  7  8 |
---------------+-------------------------+-----
Axes           | 5 6 7 9 10 | 10.4
Armour         | 1 2 3 |  3.9
Fighting       | 3 4 5 |  5.0
Dodging        | 2 |  2.9
Invocations    | 1 |  1.7
Stealth        | 1 |  1.7
Spellcasting   | |  1.7
Conjurations   | |  3.3

Action                     |  1- 3 |  4- 6 |  7- 9 || total
---------------------------+-------+-------+-------++-------
  Melee: Hand axe          |    61 |       |       ||    61
         Battleaxe         |    94 |   123 |   112 ||   329
   Cast: Kiss of Death     |     2 |       |       ||     2
         Momentum Strike   |     1 |       |       ||     1
 Invoke: Smiting           |       |     2 |     3 ||     5
    Use: Potion            |       |       |     1 ||     1
   Stab: Paralysed         |       |       |     2 ||     2
 Armour: Leather armour    |    83 |    44 |    10 ||   137
         Scale mail        |       |    17 |       ||    17
         Ring mail         |       |       |    37 ||    37
  Dodge: Dodged            |   111 |    64 |    72 ||   247

Table legend: (Time is in decaauts)
 A = Elapsed time spent in this place.
 B = Non-inter-level travel time spent in this place.
 C = Inter-level travel time spent in this place.
 D = Time resting spent in this place.
 E = Time spent auto-exploring this place.
 F = Levels seen in this place.
 G = Mean time per level.
                   A        B        C        D        E       F      G
               +--------+--------+--------+--------+--------+-----+--------+
         Total |   4631 |   4452 |    179 |    127 |   3400 |   4 | 1157.8 |
       Dungeon |   4631 |   4452 |    179 |    127 |   3400 |   4 | 1157.8 |
               +--------+--------+--------+--------+--------+-----+--------+

Top non-repeatable levels by time:
     D:2: 1497 daAuts
     D:3: 1198 daAuts
     D:4: 991 daAuts
     D:1: 944 daAuts
